 Dungeon Crawl Stone Soup version 0.21.0-3-g78d12a8 (webtiles) character file.

7643 Ignatius881 the Basher (level 10, -12/92 HPs)
             Began as a Minotaur Berserker on Jan 12, 2018.
             Was a High Priest of Trog.
             Succumbed to Sonja's poison
             ... on level 10 of the Dungeon on Jan 13, 2018.
             The game lasted 00:25:54 (9658 turns).

Ignatius881 the Basher (Minotaur Berserker)         Turns: 9658, Time: 00:25:56

Health: -12/92     AC: 18    Str: 24    XL:     10   Next: 99%
Magic:  9/9        EV: 10    Int:  4    God:    Trog [*****.]
Gold:   509        SH:  0    Dex: 11    Spells: 9/9 levels left

rFire    . . .     SeeInvis .   E - +3 dire flail (freeze)
rCold    . . .     Gourm    .   (shield currently unavailable)
rNeg     . . .     Faith    .   j - +0 plate armour
rPois    .         Spirit   .   (helmet restricted)
rElec    .         Reflect  .   q - scarf {repulsion}
rCorr    .         Harm     .   v - +0 pair of gloves
MR       .....                  c - +1 pair of boots
Stlth    ..........             (no amulet)
HPRegen  0.25/turn              (no ring)
MPRegen  0.11/turn              (no ring)

@: lethally poisoned (-12 -> -161), berserk cooldown, slowed, repel missiles,
very slow
A: retaliatory headbutt, horns 2
a: Berserk, Trog's Hand, Brothers in Arms, Burn Spellbooks, Renounce Religion


You were on level 10 of the Dungeon.
You worshipped Trog.
Trog was extremely pleased with you.
You were near starving.

You visited 2 branches of the dungeon, and saw 11 of its levels.

You collected 509 gold pieces.

Inventory:

Hand Weapons
 r - a +1 flail of protection
   (You took it off an orc on level 4 of the Dungeon)
 A - a +0 mace of holy wrath
   (You took it off an orc on level 8 of the Dungeon)
 E - a +3 dire flail of freezing (weapon)
   (You took it off a wight on level 6 of the Dungeon)
 K - a +2 battleaxe
   (You took it off a wight on level 9 of the Dungeon)
Missiles
 J - a throwing net (quivered) {!f}
Armour
 c - a +1 pair of boots (worn)
   (You found it on level 9 of the Dungeon)
 j - a +0 plate armour (worn)
   (You found it on level 4 of the Dungeon)
 q - a scarf of repulsion (worn)
   (You found it on level 4 of the Dungeon)
 v - a +0 pair of gloves (worn)
   (You found it on level 5 of the Dungeon)
 G - a cursed +0 shield
   (You found it on level 7 of the Dungeon)
Jewellery
 a - an uncursed ring of stealth {unknown}
   (You found it on level 9 of the Dungeon)
 l - an uncursed ring of ice
   (You found it on level 4 of the Dungeon)
Wands
 d - a wand of iceblast (12)
   (You found it on level 5 of the Dungeon)
 t - a wand of flame (25)
   (You found it on level 9 of the Dungeon)
 x - a wand of acid (7)
   (You found it on level 6 of the Dungeon)
 y - a wand of polymorph (18)
   (You found it on level 8 of the Dungeon)
 F - a wand of enslavement (12)
   (You found it on level 7 of the Dungeon)
Scrolls
 b - a scroll of silence {unknown}
 f - 4 scrolls of fear {unknown}
 g - 4 scrolls of remove curse {@r2}
 h - 5 scrolls of fog {unknown}
 k - a scroll of amnesia {unknown}
 m - 2 scrolls of blinking
 n - a scroll of noise {unknown}
 p - 3 scrolls of teleportation {unknown}
 B - a scroll of identify {@r1}
 H - 2 scrolls of enchant armour {unknown}
 L - a scroll of magic mapping {unknown}
 M - a scroll of torment {unknown}
Potions
 i - 3 potions of curing {@q1}
 o - 2 potions of agility {unknown}
 s - 4 potions of brilliance
 u - a potion of haste {unknown}
 w - a potion of cancellation {unknown}
 z - a potion of ambrosia {unknown}
 C - 2 potions of mutation {unknown}
 D - a potion of might {unknown}
 I - 2 potions of invisibility
Comestibles
 e - 19 rations


   Skills:
 + Level 9.7 Fighting
 - Level 7.0(10.1) Axes
 * Level 11.2(11.9) Maces & Flails
 + Level 9.4 Armour
 + Level 8.6 Dodging


You had 9 spell levels left.
You didn't know any spells.

Dungeon Overview and Level Annotations

Branches:
Dungeon (10/15)            Temple (1/1) D:4            Lair (0/6) D:8
    Orc: D:9-12

Altars:
Ashenzari
Cheibriados
Dithmenos
Elyvilon
Fedhas
Gozag
Hepliaklqana
Kikubaaqudgha
Makhleb
Nemelex Xobeh
Okawaru
Qazlal
Ru
Sif Muna
Trog
Uskayaw
Vehumet
Wu Jian
Xom
Yredelemnul
Zin
The Shining One

Shops:
D:4 [   D:7 (

Annotations:
D:10 Sonja


Innate Abilities, Weirdness & Mutations

You reflexively headbutt those who attack you in melee.
You have a pair of horns on your head.


Message History

You feel very sick.
Sonja shouts, "Too slow!"
Sonja barely misses you. Sonja hits you but does no damage.
You are more poisoned.
Sonja hits you but does no damage.
You are more poisoned.
You miss Sonja. Your headbutt misses Sonja.
* * * LOW HITPOINT WARNING * * *
You feel very sick. Sonja barely misses you. You furiously retaliate!
You headbutt Sonja! Sonja hits you but does no damage.
You are more poisoned.
Sonja closely misses you.
You closely miss Sonja. Your headbutt misses Sonja.
* * * LOW HITPOINT WARNING * * *
You feel very sick. Sonja completely misses you.
Sonja hits you but does no damage. x2
You miss Sonja. Your headbutt misses Sonja.
* * * LOW HITPOINT WARNING * * *
You feel very sick. Sonja barely misses you. Sonja hits you but does no damage.
You are more poisoned.
Sonja hits you but does no damage.
You are more poisoned.
You miss Sonja. Your headbutt misses Sonja.
You are no longer berserk.
You are exhausted.
You feel as though you will be slow longer.
* * * LOW HITPOINT WARNING * * *
You feel extremely sick. Sonja hits you but does no damage.
You are more poisoned.
Sonja barely misses you. Sonja hits you but does no damage.
You are more poisoned.
You closely miss Sonja. Your headbutt misses Sonja.
* * * LOW HITPOINT WARNING * * *
You feel extremely sick. Sonja hits you but does no damage.
You are more poisoned.
Sonja hits you but does no damage.
You are more poisoned.
Sonja hits you but does no damage.
You are more poisoned.
* * * LOW HITPOINT WARNING * * *
You feel extremely sick. Sonja hits you but does no damage.
Sonja barely misses you. Sonja hits you but does no damage.
You are more poisoned.
You see here a curare-tipped needle {!f}.
You die...

#.## ##..........#
#..###.####..###.#
#.#...#####..# #.##
#.######............#
#...
#.........#.######.##
#..# ########.##.#
#.# #..#
########K##.#
#.####..#
........(##.#
#.......#
...).....@..#
######...
############# ####


You could see Sonja.

Vanquished Creatures
  3 two-headed ogres
  Grinder (D:3)
  3 yaks (D:9)
  Menkaure (D:4)
  A water moccasin (D:8)
  3 black bears
  An ice beast (D:8)
  3 orc warriors (D:8)
  A necrophage (D:5)
  2 sky beasts
  4 ogres
  3 phantoms
  2 centaurs
  A big kobold (D:9)
  4 bullfrogs
  A wyvern zombie (D:6)
  A wyvern skeleton (D:9)
  4 scorpions
  6 killer bees (D:9)
  8 wights
  4 howler monkeys
  2 crimson imps (D:9)
  A bullfrog zombie (D:9)
  A centaur zombie (D:8)
  A quasit (D:9)
  6 hounds
  2 jellies
  A centaur skeleton (D:4)
  8 orc priests
  4 bullfrog skeletons
  3 iguanas
  19 orc wizards
  4 worker ants
  A hound zombie (D:5)
  A hound skeleton (D:8)
  A worker ant zombie (D:5)
  Robin (D:3)
  4 gnolls (D:3)
  6 adders
  A river rat (D:6)
  2 shadow imps
  An ooze (D:1)
  2 adder skeletons
  5 worms
  A dart slug (D:1)
  4 leopard geckos
  56 orcs
  A ball python (D:3)
  6 giant cockroaches
  24 goblins
  11 hobgoblins
  6 jackals
  7 kobolds
  3 quokkas
  12 bats
  5 frilled lizards
  2 jackal skeletons (D:4)
  A leopard gecko zombie (D:8)
  10 rats
283 creatures vanquished.

Notes
Turn   | Place    | Note
-------+----------+-------------------------------------------
     0 | D:1      | Ignatius881 the Minotaur Berserker began the quest for the Orb.
     0 | D:1      | Reached XP level 1. HP: 19/19 MP: 0/0
   171 | D:1      | Reached XP level 2. HP: 27/27 MP: 1/1
   750 | D:1      | Reached XP level 3. HP: 32/33 MP: 2/2
  1035 | D:2      | Found a basalt altar of Yredelemnul.
  1234 | D:2      | Reached ** piety under Trog
  1514 | D:2      | Reached XP level 4. HP: 32/40 MP: 3/3
  2025 | D:3      | Noticed Robin
  2040 | D:3      | Reached skill level 5 in Axes
  2040 | D:3      | Killed Robin
  2277 | D:3      | Found a snail-covered altar of Cheibriados.
  2279 | D:3      | Found a sacrificial altar of Ru.
  2280 | D:3      | Found a shadowy altar of Dithmenos.
  2281 | D:3      | Found a white marble altar of Elyvilon.
  2282 | D:3      | Found an ancient bone altar of Kikubaaqudgha.
  2529 | D:3      | Reached XP level 5. HP: 24/47 MP: 4/4
  2538 | D:3      | Reached *** piety under Trog
  2553 | D:3      | HP: 2/47 [poisoned by a gnoll]
  2559 | D:3      | HP: 2/47 [poisoned by a gnoll]
  3096 | D:3      | Noticed Grinder
  3097 | D:3      | Paralysed by Grinder for 5 turns
  3110 | D:3      | Killed Grinder
  3110 | D:3      | Reached skill level 5 in Fighting
  3110 | D:3      | Reached XP level 6. HP: 23/56 MP: 5/5
  3531 | D:4      | Reached XP level 7. HP: 61/61 MP: 6/6
  3652 | D:4      | Found a staircase to the Ecumenical Temple.
  3663 | Temple   | Entered the Ecumenical Temple
  3921 | D:4      | Noticed Menkaure
  3929 | D:4      | Killed Menkaure
  3929 | D:4      | Reached skill level 1 in Maces & Flails
  3929 | D:4      | Reached skill level 5 in Armour
  4274 | D:4      | Reached skill level 2 in Maces & Flails
  4293 | D:4      | Found an opulent altar of Gozag.
  4348 | D:4      | Found Koig's Antique Armour Emporium.
  4603 | D:5      | Entered Level 5 of the Dungeon
  4618 | D:5      | Reached skill level 3 in Maces & Flails
  4693 | D:5      | Reached XP level 8. HP: 55/70 MP: 7/7
  4920 | D:5      | Reached skill level 5 in Dodging
  4932 | D:5      | Found a blossoming altar of Fedhas.
  5038 | D:5      | Reached skill level 4 in Maces & Flails
  5117 | D:6      | Reached **** piety under Trog
  5121 | D:6      | Reached skill level 5 in Maces & Flails
  5794 | D:6      | Reached skill level 6 in Maces & Flails
  6096 | D:7      | Reached XP level 9. HP: 76/79 MP: 8/8
  6140 | D:7      | Found Nupseuk's Antique Weapon Shoppe.
  6345 | D:7      | Reached skill level 7 in Maces & Flails
  6664 | D:8      | Noticed a two-headed ogre
  6672 | D:8      | Killed a two-headed ogre
  6672 | D:8      | Reached skill level 8 in Maces & Flails
  6852 | D:8      | Found a stormy altar of Qazlal.
  6859 | D:8      | Found a bloodstained altar of Trog.
  6949 | D:8      | Found a sparkling altar of Nemelex Xobeh.
  6949 | D:8      | Found a deep blue altar of Sif Muna.
  6995 | D:8      | Reached ***** piety under Trog
  7016 | D:8      | Reached skill level 9 in Maces & Flails
  7217 | D:8      | Reached XP level 10. HP: 64/90 MP: 9/9
  7436 | D:8      | Found an ornate altar of the Wu Jian Council.
  7625 | D:8      | Found a staircase to the Lair.
  8363 | D:9      | Reached skill level 10 in Maces & Flails
  8365 | D:9      | Received a gift from Trog
  8619 | D:9      | Found a burning altar of Makhleb.
  8738 | D:9      | Noticed a two-headed ogre
  8746 | D:9      | Killed a two-headed ogre
  9185 | D:9      | Noticed a two-headed ogre
  9193 | D:9      | Killed a two-headed ogre
  9193 | D:9      | Reached skill level 11 in Maces & Flails
  9468 | D:10     | Entered Level 10 of the Dungeon
  9637 | D:10     | Noticed Sonja
  9657 | D:10     | HP: 3/92 [poisoned by Sonja]
  9658 | D:10     | Succumbed to Sonja's poison

Skill      XL: |  1  2  3  4  5  6  7  8  9 10 |
---------------+-------------------------------+-----
Axes           | 4 5 6 7 |  7.0
Fighting       | 4 5 6 7 8 9 |  9.7
Armour         | 3 4 5 6 8 9 |  9.4
Dodging        | 3 4 6 7 8 |  8.6
Maces & Flails | 3 6 9 11 | 11.2

Action                   |  1- 3 |  4- 6 |  7- 9 | 10-12 || total
-------------------------+-------+-------+-------+-------++-------
Melee: Hand axe          |    85 |   104 |    24 |       ||   213
       Headbutt          |    10 |    22 |    61 |    26 ||   119
       Flail             |       |       |    96 |       ||    96
       Dire flail        |       |       |   170 |   183 ||   353
Invok: Berserk           |     1 |     5 |     4 |     4 ||    14
       Trog's Hand       |       |     1 |     2 |       ||     3
       Burn Spellbooks   |       |       |       |     1 ||     1
  Use: Potion            |       |     3 |       |       ||     3
       Scroll            |       |     4 |     4 |     2 ||    10
 Stab: Sleeping          |     3 |       |       |       ||     3
  Eat: Chunk             |     3 |    11 |    16 |    10 ||    40
Armor: Animal skin       |    12 |    10 |       |       ||    22
       Scale mail        |       |    11 |       |       ||    11
       Plate armour      |       |     3 |   164 |   104 ||   271
Dodge: Dodged            |    56 |    75 |   113 |    87 ||   331
       Deflected         |       |       |     6 |     6 ||    12
